 Dungeon Crawl Stone Soup version 0.22-a0-445-g8c8ef71 (webtiles) character file.

550 derrymb the Covered (level 7, 0/66 HPs)
             Began as a Deep Dwarf Fighter on June 2, 2018.
             Killed by divine providence
             ... invoked by an orc priest
              (13 damage)
             ... on level 3 of the Dungeon.
             The game lasted 00:06:48 (1988 turns).

derrymb the Covered (Deep Dwarf Fighter)            Turns: 1988, Time: 00:06:49

Health: 0/66       AC:  7    Str: 21    XL:     7   Next: 7%
Magic:  6/6        EV:  7    Int:  9    God:
Gold:   122        SH: 10    Dex: 12    Spells: 6/6 levels left

rFire    . . .     SeeInvis .   a - +0 war axe
rCold    . . .     Gourm    .   c - +0 shield
rNeg     . . .     Faith    .   b - +0 scale mail
rPois    .         Spirit   .   (no helmet)
rElec    .         Reflect  .   (no cloak)
rCorr    .         Harm     .   (no gloves)
MR       +....                  (no boots)
Stlth    ..........             (no amulet)
HPRegen  0.00/turn              (no ring)
MPRegen  0.10/turn              (no ring)

@: non-regenerating
A: damage resistance, heal wounds, sense surroundings 1, no regeneration
a: Heal Wounds


You were on level 3 of the Dungeon.
You were not hungry.

You visited 1 branch of the dungeon, and saw 3 of its levels.

You collected 122 gold pieces.

Inventory:

Hand Weapons
 a - a +0 war axe (weapon)
Armour
 b - a +0 scale mail (worn)
 c - a +0 shield (worn)
 j - a +3 ring mail
Wands
 p - a wand of acid (5)
Scrolls
 e - a scroll of enchant armour {unknown}
 h - a scroll of blinking {unknown}
 i - 4 scrolls of identify {unknown}
 k - 2 scrolls of teleportation {unknown}
 m - 2 scrolls of remove curse {unknown}
 o - 3 scrolls of fog {unknown}
 q - a scroll of amnesia {unknown}
Potions
 d - a potion of might
 l - a potion of curing {unknown}
 n - a potion of haste {unknown}
Comestibles
 f - 7 rations
 g - 5 chunks of flesh


   Skills:
 + Level 4.3 Fighting
 + Level 4.5 Axes
 + Level 5.3 Armour
 + Level 5.2 Shields


You had 6 spell levels left.
You didn't know any spells.
Your spell library was empty.

Dungeon Overview and Level Annotations

Branches:
Dungeon (3/15)

Altars:


Innate Abilities, Weirdness & Mutations

You are resistant to damage.
You can heal yourself by infusing magical energy.
You passively map a small area around you.
You do not regenerate.


Message History

You closely miss the orc priest.
The orc priest is heavily wounded.
You completely miss the orc priest. You hit the orc.
The orc hits you but does no damage.
The orc priest hits you with a short sword.
* * * LOW HITPOINT WARNING * * *
You block the orc priest's attack. You block the orc's attack.
You hit the orc priest.
The orc priest is almost dead.
You slash the orc priest!
You kill the orc priest!
You barely miss the orc.
The orc priest calls upon Beogh to heal the orc.
The orc is healed somewhat.
You block the orc's attack.
You barely miss the orc priest.
The orc priest is almost dead.
You closely miss the orc.
The orc priest mumbles some strange prayers to Beogh against you.
Beogh smites you!
You die...

..........................
,, #
..#.##..#.#.)♣.♣........ ,
........#.#.....#######' ,
....##..#.##+♣.♣# #.
.#........##+#.###### #.
..........#..♣.♣....# #.
#........#.........# #.
##...)...#.........# #. ,
#....o@(.'.........# #.
#....o#..#.........# #. ,
,.......#..#.........# #.
, ...>...#..#.........# #.
, .......#..#.........###'
* .......#..####..........
....##.#..# #.......... ,
######+#..# #.......... ,
#....<####..........


You could see an orc priest and an orc.

Vanquished Creatures
  The ghost of riteheju the Slasher, an amateur MiFi (D:3)
  A scorpion (D:2)
  3 orc priests
  Jessica (D:2)
  Natasha (thrice) (D:2)
  An iguana (D:2)
  An orc wizard (D:2)
  A gnoll (D:1)
  4 adders
  2 worms (D:2)
  2 dart slugs
  9 orcs
  6 goblins
  8 hobgoblins
  6 jackals
  3 ball pythons
  7 bats
  4 frilled lizards
  6 kobolds
  9 rats
78 creatures vanquished.

Notes
Turn   | Place    | Note
-------+----------+-------------------------------------------
     0 | D:1      | derrymb the Deep Dwarf Fighter began the quest for the Orb.
     0 | D:1      | Reached XP level 1. HP: 20/20 MP: 1/1
    27 | D:1      | Reached XP level 2. HP: 22/27 MP: 2/2
   560 | D:2      | Noticed Natasha
   565 | D:2      | Killed Natasha
   565 | D:2      | Reached XP level 3. HP: 20/34 MP: 3/3
   637 | D:2      | Noticed Natasha
   645 | D:2      | Killed Natasha
   645 | D:2      | Reached XP level 4. HP: 17/42 MP: 4/4
   837 | D:2      | Noticed Jessica
   846 | D:2      | Killed Jessica
  1077 | D:2      | Reached XP level 5. HP: 38/49 MP: 5/5
  1285 | D:2      | Reached XP level 6. HP: 39/57 MP: 6/6
  1339 | D:2      | Noticed Natasha
  1347 | D:2      | Killed Natasha
  1836 | D:3      | Noticed riteheju's ghost (amateur MiFi)
  1857 | D:3      | Killed riteheju's ghost
  1857 | D:3      | Reached skill level 5 in Armour
  1857 | D:3      | Reached skill level 5 in Shields
  1892 | D:3      | Reached XP level 7. HP: 32/64 MP: 6/6
  1988 | D:3      | Killed from afar by an orc priest

Vault maps used:
D:1:      dpeg_arrival_pits
D:2:      minmay_joined_circles, uniq_jessica, uniq_natasha
D:3:      wad_pebble_path, serial_forest, infiniplex_forest_lined_corner,
          infiniplex_forest_straight_4, infiniplex_forest_clump_diagonal,
          infiniplex_forest_clump_C, infiniplex_forest_lined_2,
          infiniplex_forest_corner_1, uniq_sigmund

Skill      XL: |  1  2  3  4  5  6 |
---------------+-------------------+-----
Fighting       | 3 4 |  4.3
Axes           | 3 4 |  4.5
Armour         | 4 5 |  5.3
Shields        | 4 5 |  5.2

Action                   |  1- 3 |  4- 6 |  7- 9 || total
-------------------------+-------+-------+-------++-------
Melee: War axe           |    60 |   185 |     8 ||   253
 Abil: Heal Wounds       |       |     4 |     1 ||     5
  Eat: Chunk             |       |     4 |       ||     4
Armor: Scale mail        |    27 |    92 |     7 ||   126
Dodge: Dodged            |    10 |    55 |     3 ||    68
Block: Shield            |    35 |   110 |     7 ||   152

Table legend:
 A = Spawn XP
 B = Non-spawn XP
 C = Spawn XP percentage of total XP
 D = Spawn monster count
 E = Non-spawn monster count
 F = Spawn count percentage of total count
 G = Total turns spent on level
                    A         B        C        D         E        F      G
               +---------+---------+-------+---------+---------+-------+---------
         Total |       0 |     787 |   0.0 |       0 |      78 |   0.0 |  1988
               +---------+---------+-------+---------+---------+-------+---------
           D:1 |       0 |      30 |   0.0 |       0 |      10 |   0.0 |   560
           D:2 |       0 |     415 |   0.0 |       0 |      49 |   0.0 |  1173
           D:3 |       0 |     342 |   0.0 |       0 |      19 |   0.0 |   255
               +---------+---------+-------+---------+---------+-------+---------
